 Dungeon Crawl Stone Soup version 0.19-a0-860-g5c370dd (webtiles) character file.

9128 Gagarin the Covert (level 11, -1/52 HPs)
             Began as a Spriggan Assassin on July 2, 2016.
             Was an Elder of Fedhas.
             Slain by an orc warrior
             ... wielding a +0 dire flail
              (18 damage)
             ... while paralysed
             ... on level 11 of the Dungeon.
             The game lasted 01:28:24 (13254 turns).

Gagarin the Covert (Spriggan Assassin)             Turns: 13254, Time: 01:28:25

Health: -1/52      AC:  4    Str:  8    XL:     11   Next: 19%
Magic:  15/15      EV:  4    Int: 14    God:    Fedhas [****..]
Gold:   494        SH:  0    Dex: 19    Spells: 0 memorised, 10 levels left

rFire  + . .     SeeInvis +     p - +3 dagger (venom)
rCold  . . .     Gourm    .     O - +1 robe {rF+}
rNeg   . . .     Faith    .     (shield restricted)
rPois  .         Spirit   .     (helmet restricted)
rElec  .         Dismiss  .     d - +0 cloak
rCorr  .         Reflect  .     (gloves unavailable)
SustAt .         Harm     .     (boots unavailable)
MR     +....                    D - amulet of rage
Stlth  +++++++...               (no ring)
                                x - ring of stealth

@: paralysed, exhausted, slowed, very quick, somewhat resistant to hostile
enchantments, extremely stealthy
A: unfitting armour, see invisible, herbivore 3, speed 3, slow metabolism 2
a: Evolution, Sunlight, Growth, Reproduction, Renounce Religion, Evoke Berserk
Rage


You were on level 11 of the Dungeon.
You worshipped Fedhas.
Fedhas was greatly pleased with you.
You were hungry.

You visited 1 branch of the dungeon, and saw 11 of its levels.
You also visited: Sewer.

You collected 494 gold pieces.

Inventory:

Hand Weapons
 b - a +0 blowgun
 p - a +3 dagger of venom (weapon)
 R - a +0 dagger of protection
 S - a +0 hunting sling
Missiles
 e - 50 poisoned needles
 f - a curare-tipped needle
 m - 33 sling bullets
 y - 17 tomahawks (quivered)
 L - a throwing net
Armour
 d - a +0 cloak (worn)
 O - a +1 robe of fire resistance (worn)
Rods
 k - a -3 rod of inaccuracy (12/12)
   (You found it on level 10 of the Dungeon)
Jewellery
 h - an uncursed amulet of magic regeneration
 x - a ring of stealth (left hand)
 D - an amulet of rage (around neck)
Wands
 a - a wand of lightning (5/15)
 n - a wand of heal wounds (6/9)
 o - a wand of enslavement (7/24)
 F - a wand of slowing (36/48)
 G - a wand of flame (15/48)
 H - a wand of lightning (3/15)
 J - a wand of heal wounds (6/9)
 K - a wand of flame (15/48)
 P - a wand of iceblast (8/15)
 U - a wand of digging (11/24)
 X - a wand of lightning (1/15)
 Y - a wand of confusion (29/48)
 Z - a wand of iceblast (7/15)
Scrolls
 j - 2 scrolls of identify
 t - 2 scrolls of magic mapping
 u - 3 scrolls of blinking
 A - 3 scrolls of remove curse
 B - 2 scrolls of fear
 C - 2 scrolls of recharging
 E - 2 scrolls of noise
 N - 2 scrolls of amnesia
Potions
 c - a potion of heal wounds
 i - 2 potions of haste
 l - 2 potions of agility
 q - 3 potions of flight
 r - 2 potions of cure mutation
 v - a potion of magic {unknown}
 z - 5 potions of curing
 M - a potion of degeneration {unknown}
 T - a potion of ambrosia {unknown}
 V - 2 potions of mutation {unknown}
Books
 W - a book of Enchantments

   Spells                             Type                      Level
   a - Cause Fear                     Hexes                        4
   b - Yara's Violent Unravelling     Hexes/Transmutation          5
   c - Silence                        Hexes/Air                    5
   d - Deflect Missiles               Charms/Air                   6
   e - Haste                          Charms                       6
   f - Discord                        Hexes                        8
Miscellaneous
 I - a crystal ball of energy
Comestibles
 g - 6 bread rations
 s - 7 slices of pizza
 w - 2 royal jellies
 Q - 7 fruits


   Skills:
 + Level 3.6 Fighting
 + Level 5.3 Short Blades
 + Level 6.0(9.6) Slings
 + Level 9.8(10.3) Throwing
 + Level 11.6 Dodging
 + Level 13.4 Stealth
 + Level 1.1 Invocations
 + Level 5.1 Evocations


You had 10 spell levels left.
You didn't know any spells.

Dungeon Overview and Level Annotations

Branches:
Dungeon (11/15)            Temple (0/1) D:7
   Lair: D:8-11         Orc: D:9-12

Altars:
Ashenzari
Fedhas
Gozag
Hepliaklqana
Kikubaaqudgha
Okawaru
Qazlal
Ru
Sif Muna
Trog
Uskayaw
Vehumet
The Shining One


Innate Abilities, Weirdness & Mutations

You are tiny and cannot use many weapons and most armour.
You have supernaturally acute eyesight. (SInv)
You are a herbivore.
You cover ground extremely quickly.
You need consume almost no food.


Message History

You hit the wraith but do no damage.
The wraith is almost destroyed.
The wraith completely misses you.
You closely miss the wraith.
The wraith is almost destroyed.
The wraith completely misses you.
You puncture the wraith!
You destroy the wraith!
The orc warrior misses you.
You hit the orc warrior.
The orc warrior is poisoned.
The orc warrior is lightly wounded.
You are no longer berserk.
You pass out from exhaustion.
You feel as though you will be slow longer.
You are feeling hungry.
The orc warrior hits you with a dire flail!
The orc warrior hits you with a dire flail!
The orc warrior hits you with a dire flail!!
You die...
Fedhas appreciates your contribution to the ecosystem.

#### ...# #### ...#
##..#### ...#
#......#
...############
#.####.#
...##.÷.......####.#
#.#
...÷..#######.#o@..#
#.### ...####
###...#### #.PP#
#.## #.....# ###P#
#..# #.....## #.# ##
##.# #......## #.#
#.# .. #....#..###
#.##..# .....
#..........# #.....#
####.. #(...##...##
###.#.# #.. #....#
#..# #...#


You could see an orc warrior.

Vanquished Creatures
  An unseen horror (D:11)
  A hill giant (D:9)
  Pikel (D:7)
  Joseph (D:8)
  A troll (D:8)
  A two-headed ogre (D:9)
  A wyvern (D:10)
  A wraith (D:11)
  11 yaks
  A human (D:8)
  A hog (D:8)
  Menkaure (D:5)
  An orc warrior (D:10)
  4 ice beasts
  2 eyes of draining (D:9)
  Purgy (Sewer)
  A black bear (D:11)
  A necrophage (D:8)
  A sky beast (D:9)
  5 ogres
  3 phantoms
  A wasp (D:10)
  A centaur (D:8)
  A crocodile (D:10)
  2 big kobolds (D:8)
  5 giant frogs
  A wyvern skeleton (D:6)
  3 scorpions (D:4)
  11 killer bees
  3 howler monkeys
  A crimson imp (D:9)
  2 hounds
  2 jellies
  2 quasits
  2 giant frog skeletons
  2 centaur skeletons
  2 orc priests
  11 orc wizards
  3 worker ants
  3 iguanas
  2 sheep (D:8)
  A hound zombie (D:4)
  A hound skeleton (D:9)
  6 gnolls
  15 adders
  An ooze (D:2)
  An adder zombie (D:4)
  4 adder skeletons (D:4)
  2 worms
  2 dart slugs
  10 giant geckos
  38 orcs
  3 ball pythons
  8 bats
  7 giant cockroaches
  10 goblins
  6 hobgoblins
  8 jackals
  3 quokkas
  A giant cockroach zombie (D:5)
  5 giant newts
  15 kobolds
  7 rats
255 creatures vanquished.

Vanquished Creatures (collateral kills)
  A yak (D:9)
  A killer bee (D:8)
  2 gnolls (D:10)
  An orc (D:9)
5 creatures vanquished.

Vanquished Creatures (others)
  3 wandering mushrooms
  3 killer bees (D:9)
  A ball python (D:11)
  195 toadstools
202 creatures vanquished.

Grand Total: 462 creatures vanquished

Notes
Turn   | Place    | Note
-------+----------+-------------------------------------------
     0 | D:1      | Gagarin the Spriggan Assassin began the quest for the Orb.
     0 | D:1      | Reached XP level 1. HP: 10/10 MP: 2/2
    12 | D:1      | Reached skill level 6 in Stealth
   234 | D:1      | Reached XP level 2. HP: 14/14 MP: 3/3
   671 | D:1      | You fall through a shaft!
   732 | D:2      | Reached XP level 3. HP: 5/18 MP: 4/4
  1227 | D:2      | Reached skill level 7 in Stealth
  1959 | D:2      | Reached XP level 4. HP: 22/22 MP: 5/5
  2508 | D:3      | Found a shattered altar of Ashenzari.
  2975 | D:3      | Reached XP level 5. HP: 12/25 MP: 6/6
  3674 | D:4      | Noticed a phantom
  3910 | D:4      | Noticed an ogre
  4104 | D:4      | Reached XP level 6. HP: 30/30 MP: 7/7
  4128 | D:4      | Found an iron altar of Okawaru.
  4248 | D:4      | Reached skill level 8 in Stealth
  4266 | D:4      | Found a glowing drain.
  4287 | Sewer    | Entered a sewer
  4398 | Sewer    | Noticed Purgy
  4402 | Sewer    | Killed Purgy
  4492 | D:4      | Found a blossoming altar of Fedhas.
  4527 | D:4      | Reached skill level 9 in Stealth
  4527 | D:4      | Reached skill level 1 in Evocations
  4535 | D:4      | Reached XP level 7. HP: 17/35 MP: 8/8
  4720 | D:4      | Became a worshipper of Fedhas Madash
  5023 | D:4      | Reached skill level 5 in Dodging
  5196 | D:5      | Entered Level 5 of the Dungeon
  5383 | D:5      | Found a bloodstained altar of Trog.
  5395 | D:5      | Found a stormy altar of Qazlal.
  5397 | D:5      | Found a sacrificial altar of Ru.
  5451 | D:5      | Found an opulent altar of Gozag.
  5584 | D:5      | Noticed Menkaure
  5608 | D:5      | Killed Menkaure
  5608 | D:5      | Reached skill level 5 in Throwing
  5608 | D:5      | Reached skill level 10 in Stealth
  5937 | D:5      | Reached XP level 8. HP: 39/39 MP: 8/10
  6092 | D:6      | Reached * piety under Fedhas
  7265 | D:7      | Found a staircase to the Ecumenical Temple.
  7338 | D:7      | Found a sacrificial altar of Ru.
  7732 | D:7      | Noticed Pikel
  7812 | D:7      | Killed Pikel
  7812 | D:7      | Reached skill level 11 in Stealth
  8040 | D:8      | Reached XP level 9. HP: 41/43 MP: 11/11
  8042 | D:8      | Reached ** piety under Fedhas
  8231 | D:8      | Reached skill level 12 in Stealth
  8573 | D:8      | Noticed a troll
  8660 | D:8      | Killed a troll
  8693 | D:8      | Noticed Joseph
  8754 | D:8      | Killed Joseph
  9028 | D:8      | Reached skill level 1 in Invocations
  9076 | D:8      | Found an ancient bone altar of Kikubaaqudgha.
  9170 | D:8      | Reached *** piety under Fedhas
  9618 | D:8      | Reached XP level 10. HP: 49/49 MP: 13/13
  9821 | D:9      | Reached skill level 1 in Slings
 10106 | D:9      | Noticed a hill giant
 10167 | D:9      | Killed a hill giant
 10167 | D:9      | Reached skill level 13 in Stealth
 10236 | D:9      | Found a hazy altar of Hepliaklqana.
 10473 | D:9      | Found a hide-covered altar of Uskayaw.
 10826 | D:9      | Found a glowing golden altar of the Shining One.
 10848 | D:9      | Reached skill level 10 in Dodging
 11015 | D:9      | Reached **** piety under Fedhas
 11090 | D:9      | Found a deep blue altar of Sif Muna.
 11090 | D:9      | Found a radiant altar of Vehumet.
 11358 | D:9      | Reached skill level 5 in Slings
 11527 | D:10     | Entered Level 10 of the Dungeon
 11661 | D:10     | Identified a -3 rod of inaccuracy (12/12) (You found it on level 10 of the Dungeon)
 11775 | D:10     | Reached skill level 5 in Short Blades
 12385 | D:10     | Reached XP level 11. HP: 45/52 MP: 15/15
 12898 | D:10     | Reached skill level 5 in Evocations
 12994 | D:11     | Noticed an unseen horror
 13111 | D:11     | Killed an unseen horror
 13254 | D:11     | Slain by an orc warrior

Vault maps used:
D:1:      shiori_shiawase
D:3:      cheibrodos_ashenzari_chains
D:4:      kennysheep_mini, fedhas_altar_2, gup_sewer_entry_bubbles
D:5:      nicolae_gozag_cash_rules_everything_around_me,
          grunt_temple_overflow_open, first_bread, serial_bayou_pond_c,
          bh_walls_and_bars, uniq_menkaure
D:6:      feat_on_display
D:7:      basic_altar, uniq_pikel
D:8:      nicolae_overflow_hidden_temple, grunt_livestock, uniq_joseph
D:9:      lemuel_crystal_altar, kennysheep_little_box,
          gammafunk_temple_overflow_elements, lemuel_round_altar, st_stairs_9
D:11:     minmay_lair_entry_lava, david_orc_5, introduction_to_nature_2
Sewer:    sewer_co_purgy_island

Skill      XL: |  1  2  3  4  5  6  7  8  9 10 11 |
---------------+----------------------------------+-----
Stealth        | 6 7 9 10 11 12 13 | 13.4
Dodging        | 2 3 4 5 7 9 11 | 11.6
Throwing       | 3 4 5 7 8 9 |  9.8
Fighting       | 2 3 |  3.6
Short Blades   | 3 4 5 |  5.3
Evocations     | 1 2 3 4 5 |  5.1
Invocations    | 1 |  1.1
Slings         | 5 6 |  6.0

Action                   |  1- 3 |  4- 6 |  7- 9 | 10-12 || total
-------------------------+-------+-------+-------+-------++-------
Melee: Dagger            |    91 |   132 |   252 |   330 ||   805
 Fire: Blowgun           |    42 |    72 |   109 |    74 ||   297
       Hunting sling     |       |       |    14 |    73 ||    87
Throw: Tomahawk          |       |     8 |     5 |     2 ||    15
Invok: Sunlight          |       |       |     3 |     2 ||     5
       Evolution         |       |       |     1 |     2 ||     3
 Abil: Evoke Berserk Rag |       |     1 |     3 |     3 ||     7
Evoke: Wand              |       |       |    16 |     9 ||    25
       Rod               |       |       |       |     3 ||     3
  Use: Potion            |     1 |       |     2 |       ||     3
       Scroll            |       |     2 |    15 |    14 ||    31
 Stab: Sleeping          |    16 |    19 |    23 |    13 ||    71
       Distracted        |       |     1 |     4 |     3 ||     8
       Confused          |       |       |       |     1 ||     1
  Eat: Fruit             |       |     1 |       |       ||     1
       Bread ration      |       |       |     1 |     1 ||     2
       Pizza             |       |       |     1 |       ||     1
Armor: Robe              |    18 |     9 |    15 |    13 ||    55
Dodge: Dodged            |    81 |   102 |   202 |   309 ||   694
